 Dungeon Crawl Stone Soup version 0.18.1-8-gdd0e5ea (webtiles) character file.

39 jacquesderrida the Poker (level 3, 0/27 HPs)
             Began as a Demonspawn Skald on May 22, 2016.
             Slain by an adder (3 damage)
             ... on level 2 of the Dungeon.
             The game lasted 00:01:12 (445 turns).

jacquesderrida the Poker (Demonspawn Skald)          Turns: 445, Time: 00:01:14

Health: 0/27       AC:  1    Str: 10    XL:     3   Next: 26%
Magic:  0/6        EV: 11    Int: 13    God:
Gold:   32         SH:  0    Dex: 13    Spells: 1 memorised, 5 levels left

rFire  + + .     SeeInvis .     a - +0 spear
rCold  . . .     Gourm    .     b - +0 leather armour
rNeg   . . .     Faith    .     (no shield)
rPois  .         Spirit   +     (no helmet)
rElec  .         Dismiss  .     (no cloak)
rCorr  .         Reflect  .     (no gloves)
SustAt .         Harm     .     (no boots)
MR     .....                    (no amulet)
Stlth  +.........               h - ring of protection from fire
                                g - ring of protection from fire (curse)

@: lethally poisoned (0 -> -16), infused, not resistant to hostile enchantments,
very unstealthy
A: deformed body, powered by death 1, weak 1, magic shield
a: no special abilities


You were on level 2 of the Dungeon.
You were not hungry.

You visited 1 branch of the dungeon, and saw 2 of its levels.

You collected 32 gold pieces.

Inventory:

Hand Weapons
 a - a +0 spear (weapon)
Armour
 b - a +0 leather armour (worn)
Jewellery
 g - a cursed ring of protection from fire (left hand)
 h - a ring of protection from fire (right hand)
Scrolls
 e - a scroll of enchant armour {unknown}
Books
 c - a book of Battle

   Spells                             Type                      Level
   a - Infusion                       Charms                       1
   b - Shroud of Golubria             Charms/Translocation         2
   c - Song of Slaying                Charms                       2
   d - Spectral Weapon                Hexes/Charms                 3
   e - Regeneration                   Charms/Necromancy            3
Comestibles
 d - 2 bread rations
 f - a meat ration


   Skills:
 - Level 2.0 Fighting
 + Level 3.0 Polearms
 - Level 1.1 Armour
 - Level 0.8 Dodging
 - Level 2.1 Spellcasting
 - Level 2.9 Charms


You had 5 spell levels left.
You knew the following spells:

 Your Spells              Type           Power        Failure   Level  Hunger
a - Infusion              Chrm           #...         14%         1    ##.....


Dungeon Overview and Level Annotations

Branches:
Dungeon (2/15)

Altars:


Innate Abilities, Weirdness & Mutations

You regenerate a little health from kills.
When hurt, damage is shared between your health and your magic reserves.
Armour fits poorly on your strangely shaped body.
You are weak. (Str -2)


Message History

You feel sick. The adder bites you.
* * * LOW HITPOINT WARNING * * *
You are more poisoned.
The adder poisons you!
You hit the adder.
The adder is moderately wounded.
You feel sick. The adder closely misses you. The adder bites you.
* * * LOW HITPOINT WARNING * * *
Unknown command.
Drink which item? (? for menu, Esc to quit)
It was a potion of mutation.
You feel extremely strange.
You feel weaker.
Your body twists and deforms.
You feel less regenerative.
* * * LOW HITPOINT WARNING * * *
You feel sick. The adder barely misses you.
You hit the adder.
The adder is almost dead.
* * * LOW HITPOINT WARNING * * *
You feel sick. The adder bites you.
You die...

######.##.#
#.##.# #.##.#
#.##.#
#.##.########
#..........[#
#.##.######.#
...##.# #.#
#.##.##.# #@#
.. .....# #S#
.. ...### #K# #
.###
#.......K.# .
..............#
#.....#.#######
#.....#.#
........# #....
###


You could see an adder and a kobold.

Vanquished Creatures
  An adder (D:2)
  2 oozes (D:2)
  2 giant geckos
  A giant cockroach (D:1)
  3 hobgoblins
  2 kobolds
  3 bats
  A giant newt (D:2)
  3 goblins
  3 rats
21 creatures vanquished.

Notes
Turn   | Place    | Note
--------------------------------------------------------------
     0 | D:1      | jacquesderrida the Demonspawn Skald began the quest for the Orb.
     0 | D:1      | Reached XP level 1. HP: 16/16 MP: 3/3
    97 | D:1      | Reached skill level 2 in Polearms
   119 | D:1      | Reached skill level 1 in Armour
   168 | D:1      | Gained mutation: You regenerate a little health from kills. [demonic ancestry]
   168 | D:1      | Reached XP level 2. HP: 15/22 MP: 5/5
   327 | D:2      | Gained mutation: When hurt, damage is shared between your health and your magic reserves. [demonic ancestry]
   327 | D:2      | Reached XP level 3. HP: 27/27 MP: 6/6
   434 | D:2      | Reached skill level 3 in Polearms
   444 | D:2      | Gained mutation: You are weak. (Str -2) [potion of mutation]
   444 | D:2      | Gained mutation: Armour fits poorly on your strangely shaped body. [potion of mutation]
   445 | D:2      | Slain by an adder

Skill      XL: |  1  2  3 |
---------------+----------+-----
Polearms       | 2 3 |  3.0
Armour         | 1 |  1.1
Fighting       | |  2.0
Dodging        | |  0.8
Spellcasting   | |  2.1
Charms         | |  2.9

Action                   || total
-------------------------++-------
Melee: Spear             ||   101
 Cast: Infusion          ||     2
  Use: Potion            ||     1
 Stab: Sleeping          ||     2
Armor: Leather armour    ||     9
Dodge: Dodged            ||    48
